 Dungeon Crawl Stone Soup version 0.28.0-53-g5a82cb258f (webtiles) character file.

Game seed: 16210542407408352395

5435 Duralumin the Severer (level 11, -3/74 (75) HPs)
             Began as a Formicid Fighter on June 12, 2022.
             Was an Elder of Okawaru.
             Slain by a seven-headed hydra (5 damage)
             ... on level 8 of the Dungeon.
             The game lasted 00:36:59 (9719 turns).

Duralumin the Severer (Formicid Fighter)            Turns: 9719, Time: 00:36:59

HP:   -3/74 (75)    AC: 17    Str: 24    XL:     11   Next: 0%
MP:   11/11         EV:  6    Int:  9    God:    Okawaru [****..]
Gold: 383           SH:  5    Dex: 16    Spells: 10/10 levels left

rFire   + . .      SeeInvis +   a - +1 war axe
rCold   . . .      Faith    .   c - +0 buckler
rNeg    . . .      Spirit   .   G - +2 plate armour {rF+}
rPois   .          Reflect  .   (helmet unavailable)
rElec   .          Harm     .   N - +0 cloak
rCorr   .          Rampage  .   E - +1 pair of gloves
Will    ++...                   m - +0 pair of boots
Stlth   ..........              (no amulet)
HPRegen 0.22/turn               b - +6 ring of dexterity
MPRegen 0.12/turn               r - ring of willpower

@: lightly drained
A: permanent stasis, dig shafts and tunnels, antennae 3, four strong arms
a: Dig, Shaft Self, Renounce Religion, Heroism, Finesse


You were on level 8 of the Dungeon.
You worshipped Okawaru.
Okawaru was greatly pleased with you.
You visited 2 branches of the dungeon, and saw 9 of its levels.
You also visited: Ossuary.

You collected 383 gold pieces.

Inventory:

Hand Weapons
 a - a +1 war axe (weapon)
 x - a +1 hand axe of venom
 I - a +0 broad axe
Missiles
 f - 268 stones (quivered)
 l - 11 poisoned darts
 J - 6 curare-tipped darts
Armour
 c - a +0 buckler (worn)
 m - a +0 pair of boots (worn)
 w - an orb of light
 A - a +0 scale mail of cold resistance
 B - +0 steam dragon scales
 E - a +1 pair of gloves (worn)
 G - a +2 plate armour of fire resistance (worn)
 L - a +2 chain mail of poison resistance
 N - a +0 cloak (worn)
Jewellery
 b - a +6 ring of dexterity (left hand)
 r - a ring of willpower (right hand)
 y - a ring of magical power
Wands
 k - a wand of digging (6)
 v - a wand of iceblast (6)
 C - a wand of paralysis (11)
 D - a wand of flame (28)
 K - a wand of acid (3)
Scrolls
 e - a scroll of fear
 s - a scroll of torment {unknown}
 t - a scroll of enchant weapon
 u - a scroll of fog {unknown}
 z - a scroll of immolation {unknown}
 H - a scroll of amnesia {unknown}
Potions
 d - 2 potions of might
 g - a potion of heal wounds
 h - 3 potions of magic
 i - a potion of haste
 j - 2 potions of brilliance {unknown}
 n - 7 potions of curing
 o - 3 potions of degeneration {unknown}
 p - 3 potions of attraction
 q - 2 potions of resistance
 F - 3 potions of cancellation {unknown}
 M - a potion of flight {unknown}


   Skills:
 - Level 3.2 Fighting
 + Level 15.4 Axes
 - Level 3.2 Armour
 - Level 3.6 Shields


You had 10 spell levels left.
You didn't know any spells.
Your spell library contained the following spells:

 Spells                   Type           Power      Damage    Failure   Level
 Foxfire                  Conj/Fire      0%         2x1d4     100%        1
 Sandblast                Erth           0%         2d4       100%        1
 Slow                     Hex            0%         N/A       100%        1
 Static Discharge         Conj/Air       0%         N/A       100%        2
 Lightning Bolt           Conj/Air       0%         1d11      100%        5
 Borgnjor's Revivificati  Necr           0%         N/A       100%        8
 Maxwell's Capacitive Co  Air            0%         ∞         100%        8
 Necromutation            Tmut/Necr      0%         N/A       100%        8
 Death's Door             Necr           0%         N/A       100%        9


Dungeon Overview and Level Annotations

Branches:
Dungeon (8/15)             Temple (1/1) D:4         Ossuary (visited)
   Lair: D:8-11

Altars:
Ashenzari
Cheibriados
Dithmenos
Elyvilon
Gozag
Hepliaklqana
Makhleb
Nemelex Xobeh
Okawaru
Qazlal
Ru
Sif Muna
Trog
Uskayaw
Xom
Zin

Shops:
D:6 [   D:7 [


Innate Abilities, Weirdness & Mutations

You cannot be hasted, slowed, berserked, paralysed or teleported.
You can dig through walls and to a lower floor.
You have a pair of large antennae on your head. (SInv)
Your four strong arms can wield two-handed weapons with a shield.


Message History

The bolt of acid hits the seven-headed hydra!
The seven-headed hydra seems to be corroded for longer.
The seven-headed hydra is heavily wounded.
The bolt of acid hits the water moccasin!
The acid corrodes the water moccasin!
The water moccasin is heavily wounded.
The seven-headed hydra bites you. The seven-headed hydra bites you!
The seven-headed hydra bites you but does no damage.
You block the seven-headed hydra's attack.
The seven-headed hydra bites you but does no damage.
The seven-headed hydra bites you.
* * * LOW HITPOINT WARNING * * *
The seven-headed hydra bites you.
* * * LOW HITPOINT WARNING * * *
Aiming: Paralyse
Press: ? - help, Shift-Dir - straight line, f - seven-headed hydra, p - water moccasin
Aim: a seven-headed hydra (heavily wounded, covered in acid, chance to affect: 17%)
Okay, then.
Unknown command.
Unknown command.
Unknown command.
Okay, then.
Unknown command.
Unknown command.
Unknown command.
Aiming: Iceblast
Press: ? - help, Shift-Dir - straight line, p - water moccasin The mass of ice explodes!
The iceblast engulfs the seven-headed hydra!
The seven-headed hydra is severely wounded.
You hear a shout!
The seven-headed hydra bites you but does no damage.
The seven-headed hydra bites you.
* * * LOW HITPOINT WARNING * * *
The seven-headed hydra barely misses you.
The seven-headed hydra bites you!
* * * LOW HITPOINT WARNING * * *
You block the seven-headed hydra's attack.
The seven-headed hydra bites you.
You die...

...#.##.##..............#
.....##.##...............
......#..#...............
....#.##.#>..............
###.#..#................#
#.##...#..............#
#.####..............#..
#...................#
########....#.@D##.....
##..###S#.##..## ...##
##.#.##.^. #.####
##.#.###. # ##.#.## {
##.#.## ##.#.## { ##.#.##
##.#.#


You could see a seven-headed hydra (corroded) and a water moccasin (corroded).

Vanquished Creatures
  The ghost of Descartes the Sneak, a novice DEAE (D:5)
  3 gargoyles (D:7)
  An unseen horror (D:7)
  Prince Ribbit (D:5)
  The ghost of Peloso the Skirmisher, an amateur MiFi (D:4)
  2 steam dragons
  3 water moccasins
  Duvessa (D:7)
  A sky beast (D:7)
  An orc warrior (D:7)
  A hornet zombie (D:8)
  2 necrophages
  A centaur (D:4)
  4 ogres
  3 phantoms
  An elf zombie (Ossuary)
  Blork the orc (D:6)
  A kobold brigand (D:7)
  A gnoll sergeant (D:5)
  A bullfrog (D:7)
  3 scorpions
  A wyvern skeleton (D:6)
  Dowan (D:7)
  2 water moccasin skeletons
  5 killer bees (D:7)
  2 howler monkeys
  2 bullfrog zombies (D:5)
  A centaur zombie (Ossuary)
  2 quasits (D:5)
  A gnoll shaman (D:7)
  3 bullfrog skeletons
  2 centaur skeletons (D:7)
  2 jellies
  A hound (D:6)
  3 iguanas
  4 hound zombies
  3 mummies (Ossuary)
  6 gnolls
  10 adders
  A howler monkey skeleton (D:7)
  3 white imps
  An ufetubus (D:6)
  5 adder zombies (Ossuary)
  3 dart slugs
  2 worms
  11 orcs
  7 ball pythons
  6 endoplasms
  4 giant cockroaches
  2 gnoll zombies (Ossuary)
  7 goblins
  9 hobgoblins
  2 jackals (D:1)
  3 quokkas
  5 bats
  4 frilled lizards
  3 goblin zombies (Ossuary)
  4 hobgoblin zombies (Ossuary)
  3 jackal zombies (Ossuary)
  7 kobolds
  3 kobold zombies (Ossuary)
  An orc zombie (Ossuary)
  4 quokka zombies (Ossuary)
  5 rats
  4 rat zombies (Ossuary)
194 creatures vanquished.

Notes
Turn   | Place    | Note
-------+----------+-------------------------------------------
     0 | D:1      | Duralumin the Formicid Fighter began the quest for the Orb.
     0 | D:1      | Reached XP level 1. HP: 18/18 MP: 1/1
   215 | D:1      | Reached XP level 2. HP: 20/24 MP: 2/2
   443 | D:1      | Reached skill level 3 in Axes
   489 | D:1      | Reached XP level 3. HP: 22/29 MP: 3/3
  1113 | D:2      | Reached skill level 4 in Axes
  1113 | D:2      | Reached XP level 4. HP: 35/35 MP: 4/4
  1755 | D:2      | Reached XP level 5. HP: 39/41 MP: 5/5
  1967 | D:3      | Found a faded altar of an unknown god.
  2162 | D:3      | Reached skill level 5 in Axes
  2801 | D:4      | Noticed an ogre
  2810 | D:4      | Killed an ogre
  2811 | D:4      | Reached skill level 6 in Axes
  2811 | D:4      | Reached XP level 6. HP: 9/47 MP: 6/6
  2825 | D:4      | Found a sand-covered staircase.
  2949 | Ossuary  | Entered an ossuary
  3427 | Ossuary  | Reached XP level 7. HP: 51/52 MP: 7/7
  3461 | Ossuary  | Reached skill level 7 in Axes
  3765 | D:4      | Reached skill level 8 in Axes
  4243 | D:4      | Found a transporter.
  4243 | D:4      | Noticed Peloso's ghost (amateur MiFi)
  4246 | D:4      | Found a transporter.
  4417 | D:4      | Found a staircase to the Ecumenical Temple.
  4424 | Temple   | Entered the Ecumenical Temple
  4560 | Temple   | Became a worshipper of Warmaster Okawaru
  4701 | D:5      | Entered Level 5 of the Dungeon
  4708 | D:5      | Reached XP level 8. HP: 51/58 MP: 8/8
  4776 | D:5      | Found a transporter.
  4786 | D:5      | Reached skill level 9 in Axes
  4907 | D:5      | Noticed Descartes's ghost (novice DEAE)
  4923 | D:5      | Found a transporter.
  4941 | D:5      | Noticed Prince Ribbit
  4986 | D:5      | Killed Prince Ribbit
  4987 | D:5      | Reached skill level 10 in Axes
  5114 | D:5      | Noticed a fire elemental
  5116 | D:5      | Found a stormy altar of Qazlal.
  5122 | D:5      | Reached * piety under Okawaru
  5124 | D:5      | Noticed an air elemental
  5124 | D:5      | Noticed a water elemental
  5646 | D:4      | Reached XP level 9. HP: 45/64 MP: 7/9
  5656 | D:4      | Killed Peloso's ghost
  5657 | D:4      | Reached skill level 11 in Axes
  5968 | D:5      | Killed Descartes's ghost
  6158 | D:6      | Reached skill level 12 in Axes
  6191 | D:6      | Found a sacrificial altar of Ru.
  6223 | D:6      | Noticed Blork the orc
  6232 | D:6      | Killed Blork the orc
  6232 | D:6      | Reached ** piety under Okawaru
  6307 | D:6      | Found a white marble altar of Elyvilon.
  7081 | D:6      | Found Arosocs's Armour Emporium.
  7194 | D:7      | Reached skill level 13 in Axes
  7194 | D:7      | Reached XP level 10. HP: 27/70 MP: 10/10
  7855 | D:7      | Noticed Duvessa
  7855 | D:7      | Noticed Dowan
  7860 | D:7      | Killed Dowan
  7873 | D:7      | Killed Duvessa
  8062 | D:7      | Reached skill level 14 in Axes
  8125 | D:7      | Noticed a gargoyle
  8125 | D:7      | Noticed an unseen horror
  8139 | D:7      | Reached *** piety under Okawaru
  8157 | D:7      | Killed a gargoyle
  8164 | D:7      | Noticed a gargoyle
  8165 | D:7      | Noticed a gargoyle
  8312 | D:7      | Killed a gargoyle
  8392 | D:7      | Killed an unseen horror
  8652 | D:7      | Reached skill level 15 in Axes
  8664 | D:7      | Killed a gargoyle
  8874 | D:7      | Found Lucsud's Antique Armour Boutique.
  8938 | D:7      | Reached **** piety under Okawaru
  9185 | D:7      | Found a snail-covered altar of Cheibriados.
  9406 | D:7      | Found a shimmering blue altar of Sif Muna.
  9417 | D:7      | Got Sif Muna's Compendium of Beguiling
  9419 | D:7      | Got Sif Muna's Reference Book on Earth
  9422 | D:7      | Got Sif Muna's Guide on Ignition
  9449 | D:7      | Found a hide-covered altar of Uskayaw.
  9536 | D:8      | Reached XP level 11. HP: 50/74 MP: 11/11
  9705 | D:8      | Noticed a seven-headed hydra
  9719 | D:8      | HP: 2/74 [seven-headed hydra (11)]
  9719 | D:8      | Slain by a seven-headed hydra

Illustrated notes

Levels and vault maps discovered:
D:1:      erik_arrival_blinker_ship, layout_basic
D:2:      layout_rooms
D:3:      layout_rooms, nicolae_ecumenical_snake_handling,
          minmay_randomly_rotated_circles
D:4:      layout_cave_pools, minmay_temple_entry_enclosed_plants,
          enter_ossuary_1, serial_column_ruins, column_ruins_hut,
          column_ruins_hut_ruined, column_ruins_columns_straight,
          column_ruins_grid_2, column_ruins_columns_straight,
          gammafunk_ghost_arena
D:5:      layout_rooms, nicolae_qazlal_style_of_elements,
          gammafunk_ghost_stat_death, grunt_ministairs_7, grunt_decor_arrowhead,
          uniq_prince_ribbit1
D:6:      layout_basic, lemuel_crystal_altar,
          mainiacjoe_overflow_six_doors_small, serial_shops,
          kennysheep_little_box, uniq_blork_the_orc
D:7:      minmay_chambers_of_sevens, layout_gridville,
          mainiacjoe_overflow_alcove_4, nicolae_sif_muna_little_library,
          slow_altar_2, serial_shops, shop, minmay_tree_intersection,
          uniq_duvessa
D:8:      minmay_inner_zag, layout_rooms
Temple:   minmay_temple_curvy_branch

Skill      XL: |  1  2  3  4  5  6  7  8  9 10 |
---------------+-------------------------------+-----
Axes           | 3 4 6 8 10 13 15 | 15.4
Fighting       | |  3.2
Armour         | |  3.2
Shields        | |  3.6

Action                   |  1- 3 |  4- 6 |  7- 9 | 10-12 || total
-------------------------+-------+-------+-------+-------++-------
Melee: War axe           |    96 |   217 |   232 |   157 ||   702
       Hand axe          |       |       |    49 |    15 ||    64
Throw: Stone             |       |    16 |     3 |    12 ||    31
Invok: Heroism           |       |       |     5 |     9 ||    14
 Abil: Dig               |       |       |     1 |     2 ||     3
Evoke: Wand              |       |       |       |     5 ||     5
  Use: Potion            |       |     1 |       |     3 ||     4
       Scroll            |       |     6 |     3 |       ||     9
Armor: Scale mail        |    36 |    90 |   104 |    24 ||   254
       Plate armour      |       |       |       |    41 ||    41
Dodge: Dodged            |    32 |    83 |   100 |    51 ||   266
Block: Buckler           |    27 |    37 |    48 |    34 ||   146
